 Dungeon Crawl Stone Soup version 0.19.1 (webtiles) character file.

256 Peloso the Skirmisher (level 5, -6/42 HPs)
             Began as a Demonspawn Fighter on Dec 25, 2016.
             Shot with an arrow by a centaur (12 damage)
             ... on level 5 of the Dungeon.
             The game lasted 00:07:12 (3455 turns).

Peloso the Skirmisher (Demonspawn Fighter)          Turns: 3455, Time: 00:07:13

Health: -6/42      AC:  9    Str: 17    XL:     5   Next: 92%
Magic:  5/5        EV: 10    Int:  9    God:
Gold:   168        SH:  9    Dex: 13    Spells: 0 memorised, 4 levels left

rFire  . . .     SeeInvis .     a - +1 long sword
rCold  . . .     Gourm    .     b - +0 scale mail
rNeg   . . .     Faith    .     c - +0 shield
rPois  +         Spirit   .     (no helmet)
rElec  .         Reflect  .     D - +0 cloak
rCorr  .         Harm     +     v - +0 pair of gloves
MR     .....                    (no boots)
Stlth  ..........               m - amulet of harm
                                y - +3 ring of evasion
                                C - ring of poison resistance

@: no status effects
A: spiny 1
a: no special abilities


You were on level 5 of the Dungeon.
You were not hungry.

You visited 1 branch of the dungeon, and saw 5 of its levels.

You collected 168 gold pieces.

Inventory:

Hand Weapons
 a - a +1 long sword (weapon)
 G - a cursed -3 dagger
Armour
 b - a +0 scale mail (worn)
 c - a +0 shield (worn)
 v - a +0 pair of gloves (worn)
 D - a +0 cloak (worn)
Jewellery
 m - an amulet of harm (around neck)
 y - a +3 ring of evasion (right hand)
 C - a ring of poison resistance (left hand)
Wands
 x - a wand of confusion (21/48)
Scrolls
 j - 2 scrolls of fear
 k - a scroll of enchant weapon
 l - a scroll of remove curse
 q - 2 scrolls of identify
 s - a scroll of fog {unknown}
 w - 2 scrolls of magic mapping {unknown}
 B - a scroll of blinking {unknown}
 E - 2 scrolls of random uselessness {unknown}
 F - a scroll of amnesia {unknown}
 H - a scroll of recharging {unknown}
Potions
 d - a potion of haste
 e - 2 potions of heal wounds {unknown}
 h - 3 potions of curing {unknown}
 i - a potion of lignification {unknown}
 n - 3 potions of degeneration {unknown}
 u - a potion of flight {unknown}
 A - a potion of brilliance {unknown}
 I - a potion of ambrosia {unknown}
 J - a potion of resistance {unknown}
Comestibles
 f - 4 bread rations
 g - 3 meat rations
 r - 3 slices of pizza
 t - 7 fruits
 z - a royal jelly


   Skills:
 + Level 4.1 Fighting
 + Level 3.0 Long Blades
 + Level 3.6 Armour
 + Level 1.1 Dodging
 + Level 0.4 Stealth
 + Level 3.7 Shields


You had 4 spell levels left.
You didn't know any spells.

Dungeon Overview and Level Annotations

Branches:
Dungeon (5/15)
 Temple: D:4-7

Altars:
Uskayaw

Shops:
D:5 [


Innate Abilities, Weirdness & Mutations

You are partially covered in sharp spines.


Message History

The crimson imp is almost dead.
The crimson imp blinks!
You close the door.
Something unseen opens the door.
The crimson imp blinks!
The crimson imp blinks!
You open the door.
There is an open door here.
You open the door. The crimson imp spits at you.
There is an open door here.
The crimson imp blinks!
The centaur shoots an arrow.
The arrow hits you.
You see here an arrow.
The centaur shoots an arrow.
The arrow hits you!
* * * LOW HITPOINT WARNING * * *
There is an open door here.
You see here an arrow.
The centaur shoots an arrow.
The arrow hits you!
You die...

#...........#...#.....########
#####'#.....#...#.....#.......
#...#.....#...#.....#.......
#...#.....#...#.....#.......
#...#.....#...#.....'.......
#...#.....#...#.....#....... ....
#...#.....#...##....######## #...
#...#.....######.....#
#...##...#.....(@.<+......#
#....#...#....(#...##.....#
#....#...#.....#...######.#######
#....#...#.....#...#......#......
#....#...#.....#...#......'......
#..c.'...#.....#...'......#......
+....#...c.....#...#......#......
###.##...#.....###+##....########
###.##...#.....#...##....#


You could see a centaur.

Vanquished Creatures
  A crimson imp (D:5)
  A hound (D:4)
  An orc priest (D:3)
  A jelly (D:5)
  3 adders (D:2)
  A gnoll (D:1)
  An ooze (D:2)
  3 adder skeletons
  A dart slug (D:1)
  2 worms (D:2)
  5 leopard geckos
  7 orcs
  6 bats
  5 giant cockroaches
  5 goblins
  8 hobgoblins
  4 jackals
  A quokka (D:5)
  A ball python (D:4)
  2 frilled lizards (D:3)
  5 kobolds
  A leopard gecko skeleton (D:5)
  2 leopard gecko zombies (D:5)
  6 rats
73 creatures vanquished.

Vanquished Creatures (others)
  An orc wizard (D:4)
  An adder (D:4)
  3 orcs (D:4)
5 creatures vanquished.

Grand Total: 78 creatures vanquished

Notes
Turn   | Place    | Note
-------+----------+-------------------------------------------
     0 | D:1      | Peloso the Demonspawn Fighter began the quest for the Orb.
     0 | D:1      | Reached XP level 1. HP: 18/18 MP: 1/1
    11 | D:1      | Gained mutation: You are partially covered in sharp spines. [demonic ancestry]
    11 | D:1      | Reached XP level 2. HP: 21/24 MP: 2/2
   976 | D:2      | Reached XP level 3. HP: 25/29 MP: 3/3
  1381 | D:2      | Reached XP level 4. HP: 28/37 MP: 4/4
  1501 | D:2      | Found a faded altar of an unknown god.
  1656 | D:3      | Reached skill level 4 in Fighting
  2161 | D:3      | Reached XP level 5. HP: 41/42 MP: 5/5
  2400 | D:3      | You fall through a shaft for 2 floors!
  2400 | D:5      | Entered Level 5 of the Dungeon
  3054 | D:4      | Reached skill level 1 in Dodging
  3260 | D:5      | Found Eharer's Antique Armour Shoppe.
  3301 | D:5      | Noticed a hand axe
  3302 | D:5      | Noticed a dagger
  3302 | D:5      | Found a hide-covered altar of Uskayaw.
  3402 | D:5      | Noticed a centaur
  3455 | D:5      | Shot with an arrow by a centaur

Skill      XL: |  1  2  3  4  5 |
---------------+----------------+-----
Long Blades    | 2 3 |  3.0
Shields        | 3 |  3.7
Armour         | 3 |  3.6
Fighting       | 4 |  4.1
Dodging        | 1 |  1.1
Stealth        | |  0.4

Action                   |  1- 3 |  4- 6 || total
-------------------------+-------+-------++-------
Melee: Long sword        |    67 |   116 ||   183
  Use: Potion            |       |     1 ||     1
       Scroll            |       |     7 ||     7
  Eat: Chunk             |     1 |     7 ||     8
Armor: Scale mail        |    32 |    30 ||    62
Dodge: Dodged            |    21 |    35 ||    56
Block: Shield            |    38 |    66 ||   104
       Rpst.: Long sword |     6 |     9 ||    15
